 Dungeon Crawl Stone Soup version 0.24-a0-108-g011bc4b (webtiles) character file.

Game seed: 12855787756466913809

1 MorzanTLD the Conjurer (level 1, -4/14 HPs)
             Began as a Draconian Conjurer on Feb 15, 2019.
             Slain by a goblin
             ... wielding a +0 dagger
              (5 damage)
             ... on level 1 of the Dungeon.
             The game lasted 00:03:04 (87 turns).

MorzanTLD the Conjurer (Draconian Conjurer)           Turns: 87, Time: 00:03:05

Health: -4/14      AC:  4    Str: 10    XL:     1   Next: 16%
Magic:  1/3        EV: 12    Int: 15    God:
Gold:   14         SH:  0    Dex: 11    Spells: 3/4 levels left

rFire    . . .     SeeInvis .   a - +0 hunting sling
rCold    . . .     Gourm    .   (no shield)
rNeg     . . .     Faith    .   (armour unavailable)
rPois    .         Spirit   .   (helmet restricted)
rElec    .         Reflect  .   (no cloak)
rCorr    .         Harm     .   (no gloves)
MR       .....                  (no boots)
Stlth    ++........             (no amulet)
HPRegen  0.04/turn              (no ring)
MPRegen  0.08/turn              (no ring)

@: no status effects
A: unfitting armour, cold-blooded, AC +4
a: no special abilities


You were on level 1 of the Dungeon.
You were not hungry.

You visited 1 branch of the dungeon, and saw 1 of its levels.

You collected 14 gold pieces.

Inventory:

Hand Weapons
 a - a +0 hunting sling (weapon)
Comestibles
 b - a ration


   Skills:
 + Level 1.9 Dodging
 + Level 1.7 Stealth
 + Level 2.0 Spellcasting
 + Level 4.0 Conjurations


You had 3 spell levels left.
You knew the following spells:

 Your Spells              Type           Power        Failure   Level  Hunger
a - Magic Dart            Conj           ##..         4%          1    #......

Your spell library contained the following spells:

 Spells                   Type           Power        Failure   Level  Hunger
 Searing Ray              Conj           ##....       6%          2    ###....
 Dazzling Spray           Conj/Hex       #.....       28%         3    ###....
 Iskenderun's Mystic Bla  Conj           ##......     38%         4    #####..
 Force Lance              Conj/Tloc      #.......     67%         4    #####..
 Fulminant Prism          Conj/Hex       #.........   67%         4    #####..


Dungeon Overview and Level Annotations

Branches:
Dungeon (1/15)

Altars:


Innate Abilities, Weirdness & Mutations

Your plain brown scales are hard. (AC +4)
You cannot fit into any form of body armour.
You are cold-blooded and may be slowed by cold attacks.


Message History

You barely miss the giant cockroach. You tail-slap the giant cockroach.
You kill the giant cockroach!
The goblin hits you with a +0 dagger.
* * * LOW HITPOINT WARNING * * *
The goblin hits you but does no damage. The goblin hits you but does no damage.
There is a staircase leading out of the dungeon here.
The goblin hits you with a +0 dagger.
* * * LOW HITPOINT WARNING * * *
There is a dry fountain here.
There is a dry fountain here.
Casting: Magic Dart (safe; 4% risk of failure)
Confirm with . or Enter, or press ? or * to list all spells.
Aiming: Magic Dart (safe; 4% risk of failure)
Press: ? - help, Shift-Dir - straight line, f - goblin
Aim: a goblin, wielding a +0 dagger The magic dart hits the goblin.
The goblin is severely wounded.
The goblin hits you with a +0 dagger.
You die...

#.....†.....#
##..⌠...⌠..##
##.......##
##..⌠..## ##...##
####...####
###....<....#######
..................#
....⌠.....⌠....g@.#
..⌠....#....⌠.....#
⌠....#####....⌠..##
...### ###....##
.### ###(## ## ###


You could see a goblin.

Vanquished Creatures
  A giant cockroach (D:1)
1 creature vanquished.

Notes
Turn   | Place    | Note
-------+----------+-------------------------------------------
     0 | D:1      | MorzanTLD the Draconian Conjurer began the quest for the
                  | Orb.
     0 | D:1      | Reached XP level 1. HP: 14/14 MP: 3/3
    87 | D:1      | Slain by a goblin

Levels and vault maps discovered:
D:1:      dpeg_arrival_leaves_temple_mockup, layout_loops_ring,
          roderic_lattice_a, nicolae_ashenzari_panopticon

Action                   || total
-------------------------++-------
Melee: Hunting sling     ||     9
       Unarmed           ||     4
       Tailslap          ||     1
 Cast: Magic Dart        ||     6
Armor: Skin              ||    12
Dodge: Dodged            ||    30

Table legend:
 A = Non-vault XP
 B = Vault XP
 C = Vault XP percentage of total XP
 D = Non-vault monster count
 E = Vault monster count
 F = Vault count percentage of total count
                 A         B        C        D         E       F
            +---------+---------+-------+---------+---------+-------
      Total |       2 |       0 |   0.0 |       1 |       0 |   0.0
            +---------+---------+-------+---------+---------+-------
        D:1 |       2 |       0 |   0.0 |       1 |       0 |   0.0
            +---------+---------+-------+---------+---------+-------
